 Dungeon Crawl Stone Soup version 0.30.1-3-gfc49f6343a (webtiles) character file.

Game seed: 3526119313753496285

9383 shmup the Arsonist (level 11, -4/60 (66) HPs)
             Began as a Tengu Fire Elementalist on Aug 2, 2023.
             Was an Elder of Vehumet.
             Slain by a hell rat (15 damage)
             ... on level 1 of the Lair of Beasts.
             The game lasted 00:44:35 (15997 turns).

shmup the Arsonist (Tengu Fire Elementalist)       Turns: 15997, Time: 00:44:36

HP:   -4/60 (66)    AC:  8    Str:  9    XL:     11   Next: 45%
MP:   5/19          EV: 18    Int: 20    God:    Vehumet [****..]
Gold: 418           SH:  0    Dex: 14    Spells: 1/19 levels left

rFire   . . .        b - +2 spear (flame)
rCold   . . .        (no shield)
rNeg    . . .        g - +1 robe {Will+}
rPois   .            (helmet restricted)
rElec   .            B - +2 cloak
rCorr   .            l - +1 pair of gloves
SInv    .            (boots unavailable)
Will    +....        (no amulet)
Stlth   ++           (no ring)
HPRegen 0.30/turn    (no ring)
MPRegen 0.16/turn

%: no passive effects
@: flying quickly and evasively, drained, quick
A: beak, talons 3, nimble flight
a: Renounce Religion


You were on level 1 of the Lair of Beasts.
You worshipped Vehumet.
Vehumet was greatly pleased with you.
You visited 3 branches of the dungeon, and saw 12 of its levels.

You collected 482 gold pieces.
You spent 64 gold pieces at shops.

Inventory:

Hand Weapons
 b - a +2 spear of flaming (weapon)
 o - a +2 short sword of venom
 J - a +2 short sword of holy wrath
 O - a +2 dagger of venom
Missiles
 f - 29 stones
 C - 21 poisoned darts
 G - 4 silver javelins
 I - 3 boomerangs
 K - 2 silver boomerangs
 M - 4 javelins
Armour
 g - a +1 robe of willpower (worn)
 l - a +1 pair of gloves (worn)
 r - a +1 cloak
 B - a +2 cloak (worn)
Magical Staves
 a - a staff of poison
 j - a staff of earth
Wands
 e - a wand of flame (56)
 n - a wand of iceblast (5)
 z - a wand of digging (1)
 A - a wand of light (9)
Scrolls
 c - 7 scrolls of teleportation
 h - a scroll of blinking
 k - a scroll of immolation
 w - 3 scrolls of poison
 D - 3 scrolls of vulnerability
 F - a scroll of summoning
 L - 4 scrolls of amnesia
 N - 3 scrolls of identify
Potions
 d - 2 potions of attraction
 i - a potion of lignification
 m - 2 potions of degeneration
 p - 5 potions of curing
 q - 6 potions of brilliance
 s - a potion of haste
 t - 5 potions of heal wounds
 u - 2 potions of berserk rage
 v - a potion of magic
 x - a potion of resistance
 y - a potion of mutation
 E - a potion of cancellation
 H - a potion of might


   Skills:
 + Level 6.6 Fighting
 + Level 7.7 Dodging
 - Level 2.0 Stealth
 + Level 4.7 Spellcasting
 + Level 10.4 Conjurations
 - Level 2.0 Hexes
 * Level 12.7 Fire Magic


You had one spell level left.
You knew the following spells:

 Your Spells              Type           Power      Damage    Failure   Level
a - Foxfire               Conj/Fire      100%       2x1d9     1%          1
b - Scorch                Fire           100%       2d9       1%          2
c - Inner Flame           Hex/Fire       34%        N/A       1%          3
d - Flame Wave            Conj/Fire      50%        2d12      1%          4
e - Fireball              Conj/Fire      25%        3d11      1%          5
f - Mephitic Cloud        Conj/Pois/Air  18%        N/A       2%          3

Your spell library contained the following spells:

 Spells                   Type           Power      Damage    Failure   Level
 Volatile Blastmotes      Fire/Tloc      60%        2d15      1%          3
 Iskenderun's Battlesphe  Conj           46%        2d10      1%          5
 Orb of Destruction       Conj           23%        9d8       32%         7
 Conjure Ball Lightning   Conj/Air       12%        3x3d6     45%         6


Dungeon Overview and Level Annotations

Branches:
Dungeon (10/15) Zot: 25949  Temple (1/1) D:4 Zot: 5856    Lair (1/5) D:8 Zot: 5399
    Orc: D:9-12

Altars:
Ashenzari
Cheibriados
Dithmenos
Elyvilon
Fedhas
Gozag
Hepliaklqana
Kikubaaqudgha
Makhleb
Okawaru
Qazlal
Ru
Sif Muna
Trog
Uskayaw
Vehumet
Wu Jian
Xom
Yredelemnul
Zin
The Shining One

Shops:
D:5 =*[   D:8 ?   D:9 *

Annotations:
D:10 vampire hiding!


Innate Abilities, Weirdness & Mutations

You have a beak for a mouth.
You have claws for feet.
Your magical nature lets you fly swiftly and evasively.


Message History

You claw the river rat, but do no damage.
The river rat is heavily wounded.
The river rat closely misses you.
You barely miss the river rat.
You claw the river rat, but do no damage.
You peck the river rat, but do no damage.
The river rat is heavily wounded.
The rat twitches its whiskers.
Casting: Scorch (safe; 1% risk of failure)
Confirm with . or Enter, or press ? or * to list all spells.
Flames lash the river rat.
The river rat is almost dead.
The river rat's fire resistance burns away.
You hear a deafening roar!
The hell rat completely misses you.
A quokka comes into view.
You hit the hell rat. You burn the hell rat. Your punch misses the hell rat.
The hell rat is lightly wounded.
The hell rat closely misses you.
A hell rat comes into view.
You completely miss the hell rat.
You claw the hell rat, but do no damage.
You peck the hell rat.
The hell rat is moderately wounded.
The hell rat bites you!
* * * LOW HITPOINT WARNING * * *
You feel drained.
* * * LOW HITPOINT WARNING * * *
The hell rat attacks as you move away! The hell rat closely misses you.
The hell rat barely misses you. The hell rat attacks as you move away!
The hell rat barely misses you. The hell rat attacks as you move away!
The hell rat closely misses you. The hell rat attacks as you move away!
The hell rat misses you. The hell rat attacks as you move away!
The hell rat bites you!
* * * LOW HITPOINT WARNING * * *
The hell rat attacks as you move away! The hell rat bites you!
* * * LOW HITPOINT WARNING * * *
The hell rat attacks as you move away! The hell rat barely misses you.
The hell rat bites you!
You die...

▒▒......r...▒
▒.......r..▒
▒▒▒▒.......▒
▒.......▒
▒..▒....▒ ▒
▒▒r▒▒▒..▒ ▒
▒.....▒▒▒ ▒
▒..▒...r▒▒▒ ▒
.....▒▒▒▒▒Q.▒▒▒
▒▒▒ ......
▒.▒..▒▒▒ ▒▒.▒
.......
▒▒▒▒▒..▒▒▒▒▒ ▒.▒.
.......
▒▒▒.▒..▒.▒▒▒▒...
.......
▒.........▒▒..(▒
▒.......▒....▒▒▒
▒......P▒▒▒......
▒........▒
▒..▒...
▒.......▒▒
▒▒.P...


You could see 2 hell rats.

Vanquished Creatures
  A komodo dragon (Lair:1)
  A troll (D:9)
  A wyvern (D:10)
  Eustachio (D:4)
  15 yaks
  A steam dragon (D:9)
  Menkaure (D:6)
  An acid dragon (D:9)
  8 water moccasins
  4 black bears
  A sky beast (D:7)
  An ice beast (D:6)
  6 orc warriors
  3 wolves (Lair:1)
  4 ogres
  A phantom (D:6)
  4 centaurs
  A kobold brigand (D:7)
  8 bullfrogs
  2 gnoll sergeants
  3 scorpions
  3 wights (D:6)
  18 killer bees
  2 electric eels (D:3)
  A howler monkey (D:6)
  2 gnoll boudas (D:6)
  6 orc priests
  5 hounds
  A jelly (D:4)
  2 sleepcaps
  Ijyb (D:3)
  2 iguanas
  7 orc wizards
  2 hell rats (Lair:1)
  Robin (D:3)
  14 gnolls
  9 adders
  4 river rats (Lair:1)
  2 shadow imps
  A white imp (D:6)
  An ufetubus (D:6)
  3 worms
  4 dart slugs
  41 orcs
  4 bats
  7 endoplasms
  A giant cockroach (D:2)
  13 goblins
  11 hobgoblins
  6 jackals
  11 kobolds
  6 quokkas
  4 ball pythons
  5 frilled lizards
  8 rats
276 creatures vanquished.

Vanquished Creatures (collateral kills)
  12 foxfires (D:3)
12 creatures vanquished.

Vanquished Creatures (others)
  453 foxfires
453 creatures vanquished.

Grand Total: 741 creatures vanquished

Notes
Turn   | Place    | Note
-------+----------+-------------------------------------------
     0 | D:1      | shmup the Tengu Fire Elementalist began the quest for the
                  | Orb.
     0 | D:1      | Reached XP level 1. HP: 10/10 MP: 4/4
   322 | D:1      | Reached XP level 2. HP: 15/15 MP: 3/6
   484 | D:1      | Reached skill level 4 in Fire Magic
  1059 | D:2      | Reached XP level 3. HP: 13/19 MP: 3/7
  1114 | D:2      | Learned a level 2 spell: Scorch
  1788 | D:2      | Reached XP level 4. HP: 24/24 MP: 2/8
  2163 | D:2      | Found a faded altar of an unknown god.
  2341 | D:3      | Noticed Robin
  2359 | D:3      | Killed Robin
  2377 | D:3      | Reached skill level 5 in Fire Magic
  2487 | D:3      | Noticed Ijyb
  2584 | D:3      | Killed Ijyb
  2585 | D:3      | Gained mutation: Your magical nature lets you fly swiftly
                  | and evasively. [Tengu growth]
  2585 | D:3      | Reached XP level 5. HP: 28/28 MP: 0/9
  2851 | D:3      | Found a white marble altar of Elyvilon.
  3350 | D:3      | Found a transporter.
  3369 | D:3      | Found a transporter.
  3417 | D:3      | Reached skill level 6 in Fire Magic
  3488 | D:3      | Reached XP level 6. HP: 25/32 MP: 7/10
  3812 | D:4      | Noticed Eustachio
  4040 | D:4      | Killed Eustachio
  4041 | D:4      | Reached skill level 5 in Conjurations
  4160 | D:4      | Reached skill level 7 in Fire Magic
  4459 | D:4      | Found a staircase to the Ecumenical Temple.
  4468 | Temple   | Entered the Ecumenical Temple
  4613 | Temple   | Became a worshipper of Vehumet
  4632 | D:4      | Reached XP level 7. HP: 25/36 MP: 4/11
  5354 | D:5      | Entered Level 5 of the Dungeon
  5421 | D:5      | Found Pome's Assorted Antiques.
  5422 | D:5      | Found Kebruess's Armour Shoppe.
  5423 | D:5      | Found Fokaut's Jewellery Shoppe.
  5461 | D:5      | Reached skill level 1 in Fighting
  6128 | D:5      | Found a shadowy altar of Dithmenos.
  6135 | D:5      | Found a burning altar of Makhleb.
  6336 | D:6      | Reached skill level 8 in Fire Magic
  6336 | D:6      | Reached XP level 8. HP: 44/44 MP: 2/12
  6681 | D:6      | Learned a level 3 spell: Inner Flame
  6866 | D:6      | Reached * piety under Vehumet
  6866 | D:6      | Offered knowledge of Magic Dart by Vehumet.
  6979 | D:6      | Reached skill level 1 in Hexes
  7338 | D:6      | Reached skill level 9 in Fire Magic
  7549 | D:6      | Reached XP level 9. HP: 48/51 MP: 5/13
  8275 | D:6      | Reached skill level 5 in Dodging
  8597 | D:6      | Noticed Menkaure
  8612 | D:6      | Killed Menkaure
  8613 | D:6      | Reached skill level 10 in Fire Magic
  9197 | D:7      | Offered knowledge of Kiss of Death by Vehumet.
  9201 | D:7      | Reached ** piety under Vehumet
  9603 | D:7      | Learned a level 4 spell: Flame Wave
 10012 | D:7      | Offered knowledge of Poisonous Vapours by Vehumet.
 10157 | D:7      | Reached XP level 10. HP: 58/58 MP: 5/14
 10463 | D:7      | Reached skill level 5 in Fighting
 10702 | D:8      | Reached *** piety under Vehumet
 11014 | D:8      | Reached skill level 11 in Fire Magic
 11411 | D:8      | Found Toaren's Magic Scroll Shop.
 11634 | D:8      | Offered knowledge of Olgreb's Toxic Radiance by Vehumet.
 11930 | D:8      | Found a staircase to the Lair.
 12147 | D:8      | Found a bloodstained altar of Trog.
 12374 | D:8      | Bought a scroll of identify for 32 gold pieces
 12375 | D:8      | Bought a scroll of identify for 32 gold pieces
 12664 | D:9      | Learned a level 5 spell: Fireball
 13309 | D:9      | Reached **** piety under Vehumet
 13578 | D:9      | Offered knowledge of Mephitic Cloud by Vehumet.
 13669 | D:9      | Reached skill level 12 in Fire Magic
 13669 | D:9      | Reached XP level 11. HP: 64/64 MP: 4/18
 13993 | D:9      | Reached skill level 10 in Conjurations
 14199 | D:9      | Found Eoxaa's Eclectic Emporium.
 14313 | D:10     | Entered Level 10 of the Dungeon
 15042 | D:9      | Learned a level 3 spell: Mephitic Cloud
 15076 | Lair:1   | Entered Level 1 of the Lair of Beasts
 15997 | Lair:1   | Slain by a hell rat

Illustrated notes

Levels and vault maps discovered:
D:1:      sevenhm_arrival_forest_fort_small_5, layout_basic,
          minmay_stone_trees_small
D:2:      layout_loops_ring, shapermc_ecumenical_altar_mp_ritualfount
D:3:      gammafunk_steamed_eel, layout_loops_ring,
          mainiacjoe_overflow_boulevard, grunt_ministairs_3, nicolae_goblin_pals
D:4:      layout_gridville, minmay_temple_entry_crystal_x, lightli_minifort,
          uniq_eustachio
D:5:      layout_basic, mainiacjoe_overflow_big_doors,
          nicolae_shop_distant_corner_stores
D:6:      cheibrodos_barr_body, layout_gridville, uniq_menkaure
D:7:      layout_rooms, minmay_quadrilaterals
D:8:      layout_layer_cave, trog_book, due_lair_maze_entry_diamond,
          serial_shops, nicolae_shop_just_a_little_nook,
          hangedman_abyss_or_decor_stabs
D:9:      layout_basic, roderic_roman_lattice, nicolae_alphabet_shops
D:10:     layout_cave_pools, nemelex_spade_bored_becter, orc_0_dummy,
          enter_bailey_3
Temple:   nicolae_temple_bog_church
Lair:1:   lemuel_ratsnest, layout_cave_pods, gauntlet_entry_generic, uniq_erica

Skill      XL: |  1  2  3  4  5  6  7  8  9 10 11 |
---------------+----------------------------------+-----
Conjurations   | 2 3 4 5 6 7 8 9 10 | 10.4
Fire Magic     | 4 5 6 7 8 9 10 12 | 12.7
Fighting       | 1 3 4 6 |  6.6
Dodging        | 3 4 5 7 |  7.7
Hexes          | 1 2 |  2.0
Spellcasting   | 4 |  4.7
Stealth        | |  2.0

Action                     |  1- 3 |  4- 6 |  7- 9 | 10-12 || total
---------------------------+-------+-------+-------+-------++-------
  Melee: Unarmed           |     4 |       |       |       ||     4
         Kick              |     2 |     6 |    13 |     9 ||    30
         Dagger            |     4 |       |       |       ||     4
         Short sword       |     2 |    21 |    51 |     4 ||    78
         Peck              |     1 |     2 |    12 |     9 ||    24
         Spear             |       |       |       |    23 ||    23
         Staff             |       |       |       |     1 ||     1
   Cast: Foxfire           |    51 |    63 |   107 |    61 ||   282
         Scorch            |    12 |    23 |   116 |    91 ||   242
         Inner Flame       |       |       |     6 |    43 ||    49
         Fireball          |       |       |       |     8 ||     8
         Flame Wave        |       |       |       |     7 ||     7
    Use: Scroll            |       |     7 |    12 |     3 ||    22
         Potion            |       |     1 |     1 |       ||     2
   Stab: Sleeping          |     1 |       |       |       ||     1
 Armour: Robe              |     2 |    14 |    26 |    22 ||    64
         Skin              |       |       |     2 |       ||     2
  Dodge: Dodged            |    17 |    34 |   113 |   141 ||   305
